 Dungeon Crawl Stone Soup version 0.29.1-14-g9c671dbff4 (webtiles) character file.

Game seed: 2461798906295410530

3634 Anriel the Carver (level 10, -11/71 HPs)
             Began as a Human Gladiator on Feb 15, 2023.
             Was an Initiate of Okawaru.
             Mangled by Gastronok (22 damage)
             ... on level 8 of the Dungeon.
             The game lasted 00:46:11 (6439 turns).

Anriel the Carver (Human Gladiator)                 Turns: 6439, Time: 00:46:11

Health: -11/71     AC: 10    Str: 21    XL:     10   Next: 33%
Magic:  0/10       EV: 15    Int:  9    God:    Okawaru [......]
Gold:   62         SH:  0    Dex: 18    Spells: 9/9 levels left

rFire   . . .      SeeInvis .   a - +1 long sword
rCold   + . .      Faith    .   (no shield)
rNeg    . . .      Spirit   +   x - +3 leather armour
rPois   .          Reflect  .   v - +2 helmet
rElec   .          Harm     .   (no cloak)
rCorr   .          Rampage  .   p - +0 pair of gloves
Will    .....                   (no boots)
Stlth   +.........              f - amulet of guardian spirit
HPRegen 0.21/turn               h - ring of protection from cold
MPRegen 0.12/turn               b - +6 ring of strength

@: hasted and slowed, studying Earth Magic
A: no striking features
a: Renounce Religion


You were on level 8 of the Dungeon.
You worshipped Okawaru.
Okawaru was noncommittal.
You visited 2 branches of the dungeon, and saw 9 of its levels.

You collected 289 gold pieces.
You spent 227 gold pieces at shops.

Inventory:

Hand Weapons
 a - a +1 long sword (weapon)
 A - a +0 shortbow
Missiles
 e - a boomerang (quivered)
 m - a throwing net
 n - a javelin
Armour
 p - a +0 pair of gloves (worn)
 t - a +0 plate armour
 v - a +2 helmet (worn)
 x - a +3 leather armour (worn)
 D - a +0 pair of gloves
Jewellery
 b - a +6 ring of strength (right hand)
 f - an amulet of guardian spirit (around neck)
 h - a ring of protection from cold (left hand)
 i - a ring of resist corrosion
 y - a ring of ice
Wands
 c - a wand of charming (10)
 d - a wand of flame (35)
 k - a wand of acid (2)
Scrolls
 g - a scroll of magic mapping
 o - a scroll of fear
 r - 2 scrolls of teleportation
Potions
 l - a potion of attraction
 q - 2 potions of curing
 s - 2 potions of magic
 u - a potion of brilliance
 z - a potion of flight
 B - a potion of might
 C - 2 potions of invisibility {unknown}


   Skills:
 + Level 4.1 Fighting
 - Level 10.1 Long Blades
 - Level 4.2 Ranged Weapons
 - Level 2.0 Throwing
 + Level 6.7 Dodging
 - Level 6.0 Evocations


You had 9 spell levels left.
You didn't know any spells.
Your spell library contained the following spells:

 Spells                   Type           Power      Damage    Failure   Level
 Beastly Appendage        Tmut           0%         N/A       43%         1
 Wereblood                Tmut           0%         N/A       56%         2
 Gell's Gravitas          Tloc           0%         N/A       80%         3
 Lesser Beckoning         Tloc           0%         N/A       80%         3
 Spider Form              Tmut/Pois      0%         N/A       80%         3
 Teleport Other           Tloc           0%         N/A       80%         3
 Dispersal                Tloc           0%         N/A       100%        6
 Orb of Destruction       Conj           0%         9d5       100%        7
 Summon Guardian Golem    Hex/Summ       Unusable   N/A       N/A         3
 Spellforged Servitor     Conj/Summ      Unusable   N/A       N/A         7

Dungeon Overview and Level Annotations

Branches:
Dungeon (8/15)             Temple (1/1) D:7
   Lair: D:8-11

Altars:
Cheibriados
Dithmenos
Elyvilon
Fedhas
Gozag
Hepliaklqana
Kikubaaqudgha
Makhleb
Nemelex Xobeh
Okawaru
Qazlal
Sif Muna
Trog
Uskayaw
Vehumet
Wu Jian
Xom
Zin
The Shining One

Shops:
D:2 ?   D:6 *

Annotations:
D:8 Erica, Gastronok


Message History

Fire: A) +0 shortbow
Press: ? - help, Q - select action, (/) - cycle Shift-Dir - straight line, f/p - kobold brigand
Aim: a kobold brigand, wielding a +0 dagger and quivering poisoned darts (severely wounded, 59% to hit)
You shoot an arrow. The arrow hits the kobold brigand.
The kobold brigand is almost dead.
You feel sick.
You feel sick.
You are no longer poisoned.
Fire: A) +0 shortbow
Press: ? - help, Q - select action, (/) - cycle Shift-Dir - straight line, f/p - kobold brigand
Aim: a kobold brigand, wielding a +0 dagger and quivering poisoned darts (almost dead, 59% to hit)
You shoot an arrow.
The arrow hits the kobold brigand but does no damage.
The kobold brigand is almost dead.
a - a +1 long sword (weapon)
The kobold brigand hits you with a +0 dagger.
You hit the kobold brigand.
You kill the kobold brigand!
Okawaru accepts your kill. Something hits you but does no damage.
You hear some strange, mumbled words.
A lance of force appears from out of thin air!
The lance of force hits you!!
* * * LOW HITPOINT WARNING * * *
You are knocked back by the lance of force.
You slam into the rock wall!
* * * LOW HITPOINT WARNING * * *
Okay, then.
As you read the scroll of teleportation, it crumbles to dust.
You feel strangely unstable.
Something tries to affect you, but you resist.
You are confused.
Your surroundings suddenly seem different.
Gastronok the Ponderous comes into view.
He is wearing a +1 hat of stealth.
Gastronok gurgles horribly!
Okay, then.
You are too confused!
Unknown command.
You feel better. Gastronok bites you!!
You die...

##.##. ..#....
......##..#....
...............
...............
...............
#............
###............
.....
.......@...#
....
..##..w....# ...
#.......# .. #).
.....#..... ...
#.. .......
..##.###..#..###
....... .##
..#.....$..#
....... ..
....$....)#
......# ##
.........#
#.......).


You could see Gastronok.

Vanquished Creatures
  Pikel (D:6)
  Joseph (D:7)
  A troll (D:8)
  Grinder (D:6)
  A yak (D:4)
  Menkaure (D:6)
  2 water moccasins
  3 black bears
  2 sky beasts (D:7)
  2 ogres
  2 centaurs
  A lemure (D:6)
  A phantom (D:5)
  A kobold brigand (D:8)
  A bullfrog (D:7)
  3 scorpions
  A howler monkey (D:7)
  2 hounds
  A jelly (D:7)
  A gnoll bouda (D:4)
  An orc priest (D:4)
  2 iguanas
  6 orc wizards
  13 gnolls
  3 adders
  2 shadow imps
  2 worms
  A dart slug (D:5)
  28 orcs
  7 endoplasms
  3 giant cockroaches
  5 goblins
  6 hobgoblins (D:2)
  15 jackals
  2 quokkas
  13 ball pythons
  4 bats
  5 frilled lizards
  8 kobolds
  7 rats
162 creatures vanquished.

Vanquished Creatures (collateral kills)
  An ice beast (D:6)
  3 lemures (D:6)
  A howler monkey (D:6)
5 creatures vanquished.

Grand Total: 167 creatures vanquished

Notes
Turn   | Place    | Note
-------+----------+-------------------------------------------
     0 | D:1      | Anriel the Human Gladiator began the quest for the Orb.
     0 | D:1      | Reached XP level 1. HP: 16/16 MP: 1/1
   281 | D:1      | Reached XP level 2. HP: 17/22 MP: 2/2
   650 | D:2      | Reached XP level 3. HP: 13/28 MP: 1/3
  1016 | D:2      | Found Senuubre's Magic Scroll Shoppe.
  1031 | D:2      | Bought a scroll of identify for 26 gold pieces
  1059 | D:2      | Reached XP level 4. HP: 29/35 MP: 4/4
  1187 | D:2      | Found a snail-covered altar of Cheibriados.
  1282 | D:2      | Bought a scroll of blinking for 97 gold pieces
  1307 | D:2      | Reached skill level 4 in Long Blades
  1465 | D:3      | Reached XP level 5. HP: 18/41 MP: 3/5
  2184 | D:3      | Reached XP level 6. HP: 30/47 MP: 0/6
  2439 | D:4      | Reached skill level 5 in Long Blades
  2479 | D:4      | Found a snail-covered altar of Cheibriados.
  3011 | D:4      | Noticed a yak
  3042 | D:4      | Killed a yak
  3043 | D:4      | Reached skill level 5 in Dodging
  3043 | D:4      | Reached XP level 7. HP: 49/52 MP: 7/7
  3119 | D:4      | Reached skill level 6 in Long Blades
  3563 | D:2      | Bought 2 scrolls of identify for 52 gold pieces
  3722 | D:5      | Entered Level 5 of the Dungeon
  3750 | D:5      | Reached XP level 8. HP: 53/58 MP: 6/8
  3819 | D:5      | Reached skill level 1 in Ranged Weapons
  3834 | D:5      | Reached skill level 7 in Long Blades
  4467 | D:2      | Bought a scroll of identify for 26 gold pieces
  4534 | D:6      | Noticed Grinder
  4556 | D:6      | Killed Grinder
  4557 | D:6      | Reached skill level 8 in Long Blades
  4557 | D:6      | Reached XP level 9. HP: 61/63 MP: 9/9
  4627 | D:6      | Reached skill level 1 in Evocations
  4700 | D:2      | Bought a scroll of identify for 26 gold pieces
  4899 | D:6      | Noticed Pikel
  4912 | D:6      | Killed Pikel
  4913 | D:6      | Reached skill level 9 in Long Blades
  4943 | D:6      | Found Gig Faogg's Fire Supplies.
  5001 | D:6      | Noticed Menkaure
  5006 | D:6      | Killed Menkaure
  5234 | D:7      | Noticed Joseph
  5281 | D:7      | Reached skill level 5 in Evocations
  5318 | D:7      | Killed Joseph
  5319 | D:7      | Reached XP level 10. HP: 42/70 MP: 2/10
  5393 | D:7      | Found a staircase to the Ecumenical Temple.
  5401 | Temple   | Entered the Ecumenical Temple
  5798 | Temple   | Became a worshipper of Warmaster Okawaru
  5958 | D:7      | Reached skill level 10 in Long Blades
  6405 | D:8      | Noticed Erica
  6438 | D:8      | Noticed Gastronok
  6439 | D:8      | Mangled by Gastronok

Illustrated notes

Levels and vault maps discovered:
D:1:      lemuel_arrival_muddy, layout_loops_ring, wad_floor_pattern_untrapped,
          minmay_tetromino_i4
D:2:      layout_rooms, serial_shops, nicolae_shop_statue_plus, basic_altar,
          kennysheep_generic_room_5
D:3:      layout_basic
D:4:      layout_basic, slow_altar_2, minmay_manual_macuahuitl
D:5:      layout_cave_pools, minmay_misc_feat_plants
D:6:      layout_rooms, nrook_campfire, nicolae_shop_fire_sale
          [nicolae_sub_dead_trees], uniq_menkaure, uniq_grinder, uniq_pikel
D:7:      layout_loops_ring, minmay_temple_entry_ruins, uniq_joseph
D:8:      layout_cave_pools, nicolae_ru_the_path_less_chosen,
          lemuel_zombie_altar_yredelemnul, uniq_gastronok, uniq_erica
Temple:   hc_temple_tempest_star

Skill      XL: |  1  2  3  4  5  6  7  8  9 10 |
---------------+-------------------------------+-----
Fighting       | 3 4 |  4.1
Long Blades    | 4 5 6 8 9 10 | 10.1
Dodging        | 4 5 6 |  6.7
Ranged Weapons | 4 |  4.2
Evocations     | 5 6 |  6.0
Throwing       | |  2.0

Action                   |  1- 3 |  4- 6 |  7- 9 | 10-12 || total
-------------------------+-------+-------+-------+-------++-------
Melee: Long sword        |    96 |   166 |   223 |    50 ||   535
       Punch             |       |     2 |     3 |       ||     5
 Fire: Sling             |       |       |     5 |       ||     5
       Shortbow          |       |       |       |     7 ||     7
Throw: Javelin           |     5 |    12 |     8 |       ||    25
       Throwing net      |       |     6 |     3 |       ||     9
       Boomerang         |       |    11 |    55 |     6 ||    72
  Use: Scroll            |     1 |    11 |    14 |     2 ||    28
       Potion            |       |     2 |     7 |     4 ||    13
 Stab: Held in net/web   |       |     3 |     1 |       ||     4
Armor: Leather armour    |    27 |    63 |    88 |    22 ||   200
       Skin              |       |       |    24 |       ||    24
Dodge: Dodged            |    96 |   109 |   183 |    34 ||   422
